 Dungeon Crawl Stone Soup version 0.31.0-32-g396128a36d (webtiles) character file.

Game seed: 15611968241600635123

8304 MollyMolluskus the Grappler (level 11, -1/80 HPs)
             Began as an Octopode Fighter on Mar 4, 2024.
             Was an Initiate of Wu Jian.
             Slain by a two-headed ogre
             ... wielding a +0 giant club
              (10 damage)
             ... on level 10 of the Dungeon on Mar 20, 2024.
             The game lasted 00:27:48 (8829 turns).

MollyMolluskus the Grappler (Octopode Fighter)      Turns: 8829, Time: 00:27:49

Health: -1/80      AC: 10    Str: 19    XL:     11   Next: 28%
Magic:  11/11      EV: 23    Int: 10    God:    Wu Jian [......]
Gold:   647        SH:  0    Dex: 13    Spells: 10/10 levels left

rFire   + +          .
                       - Unarmed
rCold   + + .        a - melded +3 buckler
rNeg    + + +        (helmet currently unavailable)
rPois   ∞            g - melded amulet of reflection
rElec   +            h - melded ring of willpower
rCorr   +            B - melded ring of willpower
SInv    .            (ring currently unavailable)
Will    .....        (ring currently unavailable)
Stlth   ++           (ring currently unavailable)
HPRegen 0.33/turn    (ring currently unavailable)
MPRegen 0.12/turn    (ring currently unavailable)
                     (ring currently unavailable)

%: no passive effects
@: wisp-form, flying
A: insubstantial, flying, no casting, almost no armour, (amphibious), (8 rings),
tiny, (camouflage 1), (gelatinous body 1), (nimble swimmer 1), (tentacles)
a: Renounce Religion


You were on level 10 of the Dungeon.
You worshipped Wu Jian.
Wu Jian was noncommittal.
You were an insubstantial wisp.
You visited 2 branches of the dungeon, and saw 11 of its levels.
You also visited: Ossuary.

You collected 647 gold pieces.

Inventory:

Hand Weapons
 s - a +3 dagger
Missiles
 n - 15 boomerangs (quivered)
Armour
 a - a +3 buckler (melded)
Jewellery
 g - an amulet of reflection (melded)
 h - a ring of willpower (melded)
 B - a ring of willpower (melded)
Wands
 o - a wand of acid (7)
 r - a wand of iceblast (1)
 u - a wand of flame (14)
 x - a wand of mindburst (19)
 y - a wand of digging (8)
 z - a wand of paralysis (3)
Scrolls
 l - 5 scrolls of teleportation
 q - a scroll of blinking
 t - a scroll of summoning
Potions
 b - a potion of berserk rage {unknown}
 c - a potion of lignification {unknown}
 d - 10 potions of curing
 e - a potion of invisibility {unknown}
 f - 5 potions of cancellation
 i - 4 potions of mutation {unknown}
 j - a potion of magic {unknown}
 k - 6 potions of enlightenment
 m - a potion of brilliance {unknown}
 p - 2 potions of degeneration {unknown}
 w - 2 potions of haste {unknown}
 A - a potion of attraction {unknown}


   Skills:
 + Level 9.0 Fighting
 - Level 8.0 Dodging
 - Level 4.0 Stealth
 - Level 4.0 Shields
 * Level 12.1 Unarmed Combat
 - Level 4.0 Evocations


You had 10 spell levels left.
You didn't know any spells.
Your spell library contained the following spells:

 Spells                   Type           Power      Damage    Failure   Level
 Kiss of Death            Conj/Necr      0%         2d5       36%         1
 Slow                     Hex            0%         N/A       36%         1
 Confusing Touch          Hex            0%         N/A       75%         3
 Sigil of Binding         Hex            0%         N/A       75%         3
 Vampiric Draining        Necr           0%         2d6       75%         3
 Brom's Barrelling Bould  Conj/Erth      0%         2d3       98%         4
 Dispel Undead            Necr           0%         3d6       98%         4
 Fireball                 Conj/Fire      0%         3d3       100%        5
 Iskenderun's Battlesphe  Conj           0%         2d6       100%        5
 Conjure Ball Lightning   Conj/Air       0%         3x3d6     100%        6
 Sculpt Simulacrum        Ice/Alch       0%         N/A       100%        6
 Orb of Destruction       Conj           0%         9d5       100%        7
 Ozocubu's Refrigeration  Ice            0%         4d7       100%        7
 Polar Vortex             Ice            0%         N/A       100%        9


Dungeon Overview and Level Annotations

Branches:
Dungeon (10/15)            Temple (1/1) D:6             Orc (0/2) D:9
Ossuary (visited)
   Lair: D:8-11

Altars:
Ashenzari
Cheibriados
Dithmenos
Elyvilon
Fedhas
Gozag
Hepliaklqana
Kikubaaqudgha
Nemelex Xobeh
Okawaru
Qazlal
Ru
Sif Muna
Trog
Uskayaw
Vehumet
Wu Jian
Xom
Yredelemnul
Zin
The Shining One

Annotations:
D:4 2 transporters, kftrendy's ghost, novice TrFi
D:6 3 runed translucent doors, cjoo's ghost, novice AtFi
D:10 Joseph


Innate Abilities, Weirdness & Mutations

You are an insubstantial wisp.
Your tiny insubstantial body is highly resistant to most damage types.
You are flying.
Your equipment is entirely melded.
You are incapable of wielding weapons or throwing items.
You cannot cast spells.
You cannot wear most types of armour.
((You are amphibious.))
((You can wear up to eight rings at the same time.))
((Your skin changes colour to match your surroundings (Stealth+).))
((Your rubbery body absorbs attacks. (AC +1, EV +1)))
((You are camouflaged when in or above water. (Stealth+)))
((You have tentacles for arms and can constrict up to eight enemies at once.))


Message History

Aim: a two-headed ogre, wielding two +0 giant clubs (lightly wounded, chance to affect: 41%)
The two-headed ogre resists with some effort.
Joseph hits you with a +3 spectral quarterstaff!
Unknown command.
Aiming: Polymorph
Press: ? - help, Shift-Dir - straight line, f - you, p - two-headed ogre You turn into an insubstantial wisp.
Your +3 buckler melds into your body.
Your amulet of reflection melds into your body.
Your ring of willpower melds into your body. x2
The now-empty wand crumbles to dust.
Joseph hits you with a +3 spectral quarterstaff.
* * * LOW HITPOINT WARNING * * *
The two-headed ogre closely misses you. x2
The two-headed ogre misses you. The two-headed ogre closely misses you.
Joseph zaps a wand.
The mass of ice explodes!
The iceblast engulfs you. You partially resist.
* * * LOW HITPOINT WARNING * * *
Unknown command.
Unknown command.
Aiming: Iceblast
Press: ? - help, Shift-Dir - straight line, f - Joseph
Aim: Joseph, wielding a +3 spectral quarterstaff, wearing a +0 ring mail and carrying a wand of iceblast The mass of ice explodes!
The iceblast engulfs Joseph!
Joseph is moderately wounded.
The iceblast engulfs the two-headed ogre!
The two-headed ogre is moderately wounded.
Unknown command.
Joseph unwields a +3 spectral quarterstaff.
Joseph wields a +0 sling.
Joseph shoots a sling bullet.
The sling bullet hits you!
* * * LOW HITPOINT WARNING * * *
Aiming: Corrosive Bolt
Press: ? - help, Shift-Dir - straight line, f/p - Joseph
Aim: Joseph, wielding a +0 sling, wearing a +0 ring mail and carrying a wand of iceblast (moderately wounded, 77% to hit)
The bolt of acid hits the two-headed ogre!
The acid corrodes the two-headed ogre!
The two-headed ogre is heavily wounded.
The bolt of acid misses Joseph.
The two-headed ogre closely misses you.
The two-headed ogre hits you with a +0 giant club!
You die...

######## ### #....... ..#
#.######
##############.#######.######
#####>........@Ov................
...........#...#.......#.........
........######...#.###...#.######
........# #####.#######.#
......... #....####.###
....O..... #....'......#
........... ##...########
..@##....... #...# ... #........
#####


You could see Joseph and a two-headed ogre (corroded).

Vanquished Creatures
  A two-headed ogre (D:9)
  Pikel (D:7)
  Jeremiah (D:6)
  Psyche (D:10)
  A hornet (D:6)
  Prince Ribbit (D:9)
  2 wyverns (D:9)
  6 yaks (D:10)
  A shadow (D:6)
  5 humans (D:10)
  A steam dragon (D:8)
  2 water moccasins
  2 orc warriors (D:8)
  Pargi (D:4)
  A black bear (D:5)
  A sky beast (D:8)
  3 ogres
  7 centaurs
  A lemure (D:7)
  2 bullfrogs
  A gnoll sergeant (D:8)
  4 scorpions
  5 water moccasin zombies (Ossuary)
  A burial acolyte (Ossuary)
  6 wights
  17 killer bees
  9 hounds
  2 bombardier beetles (D:4)
  4 jellies (D:5)
  A spectral scorpion (Ossuary)
  Jessica (D:10)
  5 iguanas
  3 orc wizards
  A bullfrog simulacrum (Ossuary)
  A crocodile zombie (Ossuary)
  2 mummies (Ossuary)
  4 gnolls (D:8)
  3 adders
  A shadow imp (D:5)
  A white imp (D:6)
  2 ufetubi
  4 adder zombies (Ossuary)
  2 ribbon worms
  3 dart slugs
  16 orcs
  5 endoplasms
  4 giant cockroaches
  11 goblins
  5 hobgoblins
  3 jackals (D:10)
  10 kobolds
  3 quokkas
  5 ball pythons
  7 bats
  10 gnoll zombies (Ossuary)
  A goblin zombie (D:6)
  2 jackal zombies (Ossuary)
  2 orc zombies (Ossuary)
  4 rats
  A rat zombie (D:6)
213 creatures vanquished.

Vanquished Creatures (others)
  A hound (D:10)
1 creature vanquished.

Grand Total: 214 creatures vanquished

Notes
Turn   | Place    | Note
-------+----------+-------------------------------------------
     0 | D:1      | MollyMolluskus the Octopode Fighter began the quest for the
                  | Orb.
     0 | D:1      | Reached XP level 1. HP: 16/16 MP: 1/1
   121 | D:1      | Found a faded altar of an unknown god.
   208 | D:1      | Reached XP level 2. HP: 19/21 MP: 2/2
   256 | D:1      | Reached skill level 1 in Stealth
   827 | D:2      | Reached XP level 3. HP: 15/26 MP: 3/3
   939 | D:2      | Found an ancient bone altar of Kikubaaqudgha.
  1085 | D:2      | Reached XP level 4. HP: 31/31 MP: 4/4
  1331 | D:3      | Reached skill level 3 in Unarmed Combat
  1340 | D:3      | Reached XP level 5. HP: 31/36 MP: 5/5
  1904 | D:3      | Found a glowing silver altar of Zin.
  1904 | D:3      | Found a white marble altar of Elyvilon.
  1904 | D:3      | Found a glowing golden altar of the Shining One.
  2062 | D:4      | Noticed Pargi
  2081 | D:4      | Killed Pargi
  2082 | D:4      | Reached XP level 6. HP: 40/43 MP: 6/6
  2099 | D:4      | Reached skill level 4 in Unarmed Combat
  2217 | D:4      | Found a transporter.
  2251 | D:4      | Noticed kftrendy's ghost (novice TrFi)
  2277 | D:4      | Found a transporter.
  2727 | D:4      | Reached XP level 7. HP: 40/48 MP: 7/7
  2812 | D:5      | Entered Level 5 of the Dungeon
  2901 | D:5      | Reached skill level 5 in Unarmed Combat
  3056 | D:5      | Reached XP level 8. HP: 41/54 MP: 8/8
  3204 | D:5      | Reached skill level 5 in Fighting
  3204 | D:5      | Reached skill level 5 in Dodging
  3204 | D:5      | Reached skill level 6 in Unarmed Combat
  3734 | D:6      | Noticed a hornet
  3958 | D:6      | Found a sacrificial altar of Ru.
  3998 | D:6      | Found a sand-covered staircase.
  3998 | D:6      | Found a runed translucent gate.
  3998 | D:6      | Found a runed translucent gate.
  4018 | Ossuary  | Entered an ossuary
  4044 | Ossuary  | Reached skill level 7 in Unarmed Combat
  4196 | Ossuary  | Reached XP level 9. HP: 55/62 MP: 9/9
  4410 | D:6      | Found a runed translucent gate.
  4413 | D:6      | Noticed a two-headed ogre
  4414 | D:6      | Noticed cjoo's ghost (novice AtFi)
  4545 | D:6      | Reached skill level 8 in Unarmed Combat
  4714 | D:6      | Found a staircase to the Ecumenical Temple.
  4723 | Temple   | Entered the Ecumenical Temple
  4825 | D:6      | Noticed Jeremiah
  4835 | D:6      | Killed Jeremiah
  5041 | D:6      | Found a shimmering blue altar of Sif Muna.
  5089 | D:7      | Upgraded the game from 0.31.0-12-g77e489cdc1 to
                  | 0.31.0-32-g396128a36d
  5118 | D:6      | Killed a hornet
  5467 | D:6      | Reached skill level 9 in Unarmed Combat
  6254 | D:7      | Reached XP level 10. HP: 68/71 MP: 10/10
  6613 | D:7      | Noticed Pikel
  6633 | D:7      | Killed Pikel
  6634 | D:7      | Reached skill level 10 in Unarmed Combat
  6930 | D:8      | Reached skill level 1 in Evocations
  7345 | D:8      | Found a hazy altar of Hepliaklqana.
  7346 | D:8      | Found a shadowy altar of Dithmenos.
  7834 | D:9      | Noticed Prince Ribbit
  7847 | D:9      | Killed Prince Ribbit
  7881 | D:9      | Found a staircase to the Orcish Mines.
  7886 | D:9      | Noticed a two-headed ogre
  7893 | D:9      | Killed a two-headed ogre
  7894 | D:9      | Reached skill level 11 in Unarmed Combat
  8227 | D:9      | Found an ornate altar of the Wu Jian Council.
  8230 | D:9      | Became a worshipper of the Wu Jian Council
  8476 | D:10     | Entered Level 10 of the Dungeon
  8524 | D:10     | Noticed Jessica
  8527 | D:10     | Noticed Psyche
  8535 | D:10     | Reached XP level 11. HP: 78/78 MP: 11/11
  8566 | D:10     | Killed Psyche
  8575 | D:10     | Reached skill level 12 in Unarmed Combat
  8590 | D:10     | Killed Jessica
  8748 | D:10     | Found a hide-covered altar of Uskayaw.
  8748 | D:10     | Noticed a +0 spear
  8748 | D:10     | Noticed a +0 falchion
  8748 | D:10     | Noticed a +0 falchion
  8748 | D:10     | Noticed a +0 dagger
  8748 | D:10     | Noticed a +0 short sword
  8749 | D:10     | Noticed a +0 spear
  8751 | D:10     | Noticed a +0 short sword
  8751 | D:10     | Noticed a +0 dagger
  8808 | D:10     | Noticed a two-headed ogre
  8809 | D:10     | Noticed Joseph
  8829 | D:10     | Slain by a two-headed ogre

Illustrated notes

Levels and vault maps discovered:
D:1:      dpeg_arrival_rhombi, layout_basic,
          hellmonk_ecumenical_altar_pennies_from_heaven
D:2:      layout_loops_ring, basic_altar
D:3:      layout_basic, good_gods_mini_temple, grunt_decor_cap
D:4:      minmay_opposing_rooms, layout_basic, gammafunk_ghost_stat_death,
          uniq_pargi
D:5:      layout_basic
D:6:      layout_basic, mainiacjoe_overflow_boulevard, nicolae_ru_path_of_blood,
          temple_statues, gammafunk_ghost_split, enter_ossuary_4, uniq_jeremiah
D:7:      layout_basic, uniq_pikel
D:8:      layout_basic, riverfiend_overflow_shadow_ancestor, uniq_maggie
D:9:      layout_gridville, kennysheep_mini_moat, orc_0_dummy,
          uniq_prince_ribbit1
D:10:     erik_cavepeople, layout_basic, demons_altar,
          nicolae_uskayaw_en_pointe, uniq_joseph
Temple:   nicolae_temple_slightly_damp_pantheon

Skill      XL: |  1  2  3  4  5  6  7  8  9 10 11 |
---------------+----------------------------------+-----
Stealth        | 1 2 3 4 |  4.0
Unarmed Combat | 3 4 5 7 9 11 12 | 12.1
Fighting       | 4 5 7 8 9 |  9.0
Dodging        | 4 5 7 8 |  8.0
Shields        | 4 |  4.0
Evocations     | 3 4 |  4.0

Action                     |  1- 3 |  4- 6 |  7- 9 | 10-12 || total
---------------------------+-------+-------+-------+-------++-------
  Melee: Unarmed           |    70 |    88 |   236 |   160 ||   554
         Constrict         |    22 |    18 |    54 |    23 ||   117
         Tentacles         |    12 |    20 |    61 |    36 ||   129
         Punch             |     4 |     3 |    14 |    11 ||    32
  Throw: Stone             |       |     1 |       |       ||     1
         Boomerang         |       |       |    16 |     8 ||    24
Ability: Lunge             |       |       |       |     1 ||     1
  Evoke: Wand              |       |       |     2 |    14 ||    16
    Use: Scroll            |     2 |     3 |     9 |     4 ||    18
         Potion            |       |     2 |     1 |       ||     3
   Stab: Sleeping          |     9 |    17 |    13 |     6 ||    45
 Armour: Skin              |    20 |    14 |    76 |    42 ||   152
  Dodge: Dodged            |    26 |    31 |    92 |    66 ||   215
  Block: Buckler           |    22 |    25 |   100 |    67 ||   214
         Reflection        |       |     1 |     1 |     4 ||     6
